 Dungeon Crawl Stone Soup version 0.20-a0-855-gd83b866 (webtiles) character file.

152 JeffiDaFish the Digger (level 5, 0/30 HPs)
             Began as a Gargoyle Earth Elementalist on Mar 12, 2017.
             Slain by a worker ant (2 damage)
             ... on level 4 of the Dungeon.
             The game lasted 00:06:06 (2181 turns).

JeffiDaFish the Digger (GrEE)                       Turns: 2181, Time: 00:06:06

Health: 0/30       AC: 10    Str: 12    XL:     5   Next: 34%
Magic:  7/7        EV: 12    Int: 19    God:
Gold:   159        SH:  0    Dex: 11    Spells: 5/9 levels left

rFire    + . .     SeeInvis .   l - +1 mace
rCold    . . .     Gourm    .   f - +2 robe {rF+}
rNeg     + . .     Faith    .   (no shield)
rPois    ∞         Spirit   .   (no helmet)
rElec    +         Reflect  .   (no cloak)
rCorr    .         Harm     .   n - +0 pair of gloves (curse)
MR       .....                  g - +0 pair of boots
Stlth    +.........             (no amulet)
Regen    0.1/turn               (no ring)
MPRegen  0.1/turn               a - +4 ring of intelligence

@: very slow
A: blurry vision 1, low mp 2, negative energy resistance 1, robust 1,
electricity resistance, unbreathing, petrification resistance, rot immunity, AC
+4
a: no special abilities


You were on level 4 of the Dungeon.
You were not hungry.

You visited 1 branch of the dungeon, and saw 4 of its levels.

You collected 159 gold pieces.

Inventory:

Hand Weapons
 l - a +1 mace (weapon)
Missiles
 b - 95 stones (quivered)
Armour
 f - a +2 robe of fire resistance (worn)
 g - a +0 pair of boots (worn)
 n - a cursed +0 pair of gloves (worn)
Jewellery
 a - a +4 ring of intelligence (left hand)
Scrolls
 c - a scroll of blinking {unknown}
 j - a scroll of remove curse
 k - 5 scrolls of identify
Potions
 h - a potion of heal wounds
Books
 e - a book of Geomancy

   Spells                             Type                      Level
   a - Sandblast                      Earth                        1
   b - Passwall                       Transmutation/Earth          2
   c - Stone Arrow                    Conjuration/Earth            3
   d - Petrify                        Transmutation/Earth          4
   e - Lee's Rapid Deconstruction     Earth                        5
Comestibles
 d - 6 bread rations
 i - a meat ration
 m - a royal jelly


   Skills:
 + Level 0.4 Fighting
 + Level 1.9 Maces & Flails
 + Level 2.0 Dodging
 + Level 2.6 Stealth
 + Level 0.8 Unarmed Combat
 + Level 2.9 Spellcasting
 + Level 0.2 Conjurations
   Level 0.7 Transmutations
 + Level 5.0 Earth Magic


You had 5 spell levels left.
You knew the following spells:

 Your Spells              Type           Power        Failure   Level  Hunger
a - Sandblast             Erth           ###...       1%          1    None
b - Stone Arrow           Conj/Erth      ##....       17%         3    ###....


Dungeon Overview and Level Annotations

Branches:
Dungeon (4/15)
 Temple: D:4-7

Altars:
Ashenzari
Qazlal
Xom

Portals:
Sewer: D:4


Innate Abilities, Weirdness & Mutations

You are resistant to torment.
Your stone body is resilient. (AC +4)
You are immune to poison.
You resist negative energy. (rN+)
You are resistant to electric shocks. (rElec)
You can survive without breathing.
You are immune to petrification.
You are immune to rotting.
Scrolls take you a little longer to read.
Your magical capacity is very low. (-20% MP)
You are robust. (+10% HP)


Message History

The adder completely misses you.
The worker ant bites you but does no damage.
Your unstable footing causes you to fumble your attack.
The adder bites you but does no damage.
The worker ant bites you but does no damage.
The adder barely misses you.
You completely miss the worker ant.
The worker ant is lightly wounded.
The worker ant closely misses you. The adder bites you but does no damage.
The worker ant splashes around in the water.
The adder misses you.
Your unstable footing causes you to fumble your attack.
The worker ant bites you.
* * * LOW HITPOINT WARNING * * *
The adder bites you but does no damage. The worker ant barely misses you.
Your unstable footing causes you to fumble your attack.
The adder bites you.
* * * LOW HITPOINT WARNING * * *
The worker ant bites you.
You die...

....... .......$ >...#
#.###########
....###.#.........#
.....##.#.........#
..##.##...........# .##
..............#
########.......#########
.....†.........a@S≈≈≈≈∩≈
########.......#########
##.........# #.........#
#.........# ...#########
#####


You could see a worker ant and an adder.

Vanquished Creatures
  Jessica (D:2)
  A worker ant (D:4)
  A hound skeleton (D:4)
  2 adders
  An ooze (D:2)
  A worm (D:2)
  4 dart slugs
  3 leopard geckos
  2 orcs
  5 giant cockroaches
  5 goblins
  6 hobgoblins
  2 jackals (D:1)
  9 bats
  5 frilled lizards
  3 kobolds
  3 rats
54 creatures vanquished.

Notes
Turn   | Place    | Note
-------+----------+-------------------------------------------
     0 | D:1      | JeffiDaFish the Gargoyle Earth Elementalist began the quest for the Orb.
     0 | D:1      | Reached XP level 1. HP: 10/10 MP: 3/3
   300 | D:1      | Reached skill level 4 in Earth Magic
   300 | D:1      | Reached XP level 2. HP: 13/15 MP: 1/5
   875 | D:1      | Reached XP level 3. HP: 11/19 MP: 4/6
  1024 | D:1      | Learned a level 3 spell: Stone Arrow
  1088 | D:2      | Noticed Jessica
  1108 | D:2      | Killed Jessica
  1150 | D:2      | Reached XP level 4. HP: 22/24 MP: 5/8
  1158 | D:2      | Found a stormy altar of Qazlal.
  1327 | D:2      | Found a shimmering altar of Xom.
  1630 | D:2      | Found a shattered altar of Ashenzari.
  1824 | D:3      | Gained mutation: Your magical capacity is low. (-10% MP) [potion of mutation]
  1824 | D:3      | Gained mutation: Scrolls take you a little longer to read. [potion of mutation]
  1824 | D:3      | Gained mutation: You tend to lose your temper in combat. [potion of mutation]
  1824 | D:3      | Gained mutation: You have a pair of small horns on your head. [potion of mutation]
  1829 | D:3      | Lost mutation: You have a pair of small horns on your head. [potion of mutation]
  1829 | D:3      | Lost mutation: You tend to lose your temper in combat. [potion of mutation]
  1829 | D:3      | Gained mutation: Your magical capacity is very low. (-20% MP) [potion of mutation]
  1829 | D:3      | Gained mutation: You are robust. (+10% HP) [potion of mutation]
  1846 | D:3      | Reached skill level 1 in Maces & Flails
  2096 | D:3      | Reached skill level 5 in Earth Magic
  2137 | D:4      | Reached XP level 5. HP: 13/30 MP: 7/7
  2172 | D:4      | Found a glowing drain.
  2181 | D:4      | Slain by a worker ant

Vault maps used:
D:1:      lemuel_arrival_lava_pool, serial_glass, glass_columns_a,
          glass_columns_c, serial_park_tiny_1
D:2:      old_standard_altar, old_standard_altar, lemuel_crystal_altar,
          first_bread, uniq_jessica
D:3:      corexii_item_surrounded_by_moat, minmay_misc_feat_x,
          serial_bayou_lagoon_a, lightli_corner_chamber
D:4:      old_standard_altar, minmay_temple_entry_statues_fountains,
          portal_sewer_entry_d, serial_bayou_pond_a

Skill      XL: |  1  2  3  4  5 |
---------------+----------------+-----
Earth Magic    | 4 5 |  5.0
Maces & Flails | 1 |  1.9
Dodging        | 2 |  2.0
Fighting       | |  0.4
Stealth        | |  2.6
Unarmed Combat | |  0.8
Spellcasting   | |  2.9
Conjurations   | |  0.2
Transmutations | |  0.7

Action                   |  1- 3 |  4- 6 || total
-------------------------+-------+-------++-------
Melee: Unarmed           |    32 |       ||    32
       Hand axe          |     8 |       ||     8
       Mace              |     8 |   113 ||   121
 Cast: Sandblast         |    26 |     3 ||    29
       Stone Arrow       |       |     4 ||     4
  Use: Scroll            |     3 |     4 ||     7
       Potion            |     2 |     3 ||     5
 Stab: Sleeping          |       |     2 ||     2
  Eat: Chunk             |     1 |     4 ||     5
Armor: Robe              |    16 |    72 ||    88
Dodge: Dodged            |    28 |   100 ||   128
